AoeStats
← Reinforcement

Arabia

503194698Analyzed
1v1 RM · 1mo ago on Aug 30, 2026· 28m 37s· 2 players
Game mode
Random Map
Map size
Tiny (2 player)
Population
200
Speed
Normal
Resources
Standard
Victory
Conquest
Starting age
Dark Age
Ending age
Imperial Age
RankedLock teamsTeams togetherTeam positionsShared explorationLock speedFull tech treeHidden civsTurbo modeCheats
Victory
Defeat
🇫🇷 Khmer · France
949
+15
🇷🇸 Franks · Serbia
931
-15
Reinforcement
9:28 Loom
11:16 Feudal Age
13:12 Double-Bit Axe
22:12 Wheelbarrow
25:21 Castle Age
24:04 Scale Barding Armor
lancry57
10:31 Feudal Age
14:20 Double-Bit Axe
19:58 Castle Age
28:21 Forging
28:18 Scale Barding Armor
27:35 Pikeman
Connection lost

Rejoining the realm…

Still unreachable

The connection could not be restored.

Session expired

The server has moved on; the page needs a fresh start.